Flyers vs Blues

Created - April 16, 2022 at 19:53

Goals
1 2 3 T
Flyers 1 1 1 3
Blues 0 0 4 4
Shots
1 2 3 T
Flyers 10 9 14 33
Blues 9 6 17 32

1st period

1. Flyers , Chris Mcallister 7 (Marcus Kruger 16, Jakub Voracek 35) at 3:37

Penalties :
Jacob Trouba (Phi) for Hooking (Minor) at 10:51

2nd period

2. Flyers , Niclas Bergfors 12 (Jeff Carter 16) at 18:31

Penalties :
Tyler Johnson (Stl) for Holding (Minor) at 3:47, Drew Miller (Phi) for Slashing (Minor) at 6:50

3rd period

3. Flyers , Matt Smaby 2 (Jeff Carter 17, Niclas Bergfors 14) at 2:36 (PP)
4. Blues , Filip Forsberg 25 (Nicklas Backstrom 49, Joonas Korpisalo) at 8:13 (PP)
5. Blues , Nicklas Backstrom 30 (Alex Pietrangelo 66, Filip Forsberg 29) at 10:00 (PP)
6. Blues , Patrick Kaleta 10 (Drew Shore 11, Samuel Morin 5) at 14:07
7. Blues , Ladislav Smid 2 (Samuel Morin 6, Anthony Mantha 12) at 19:44

Penalties :
Alex Pietrangelo (Stl) for Roughing (Minor) at 2:01, Chris Mcallister (Phi) for Hooking (Minor) at 7:37, Jakub Voracek (Phi) for Interference (Minor) at 9:55

Goalie Stats

Steve Mason (Phi), 28 saves from 32 shots - (0.875), L, 19-8-0, 60:00 minutes
Joonas Korpisalo (Stl), 30 saves from 33 shots - (0.909), W, 6-4-1, 60:00 minutes

Players Stats for Flyers

Player Name              G  A  P  +/- PIM S  H  SB GA TA FO     MP     PP MP  PK MP  
------------------------------------------------------------------------------------
Brian Lashoff            0  0  0  -1  0   0  0  0  0  0  0/0    13:14   0:00   1:14 
Brock Nelson             0  0  0  -1  0   1  0  0  1  0  0/0     7:36   0:00   0:38 
Chris Mcallister         1  0  1   0  2   3  0  2  0  0  0/0    13:15   0:00   0:56 
Drew Miller              0  0  0   1  2   3  0  0  0  1  0/1    16:43   0:59   0:00 
J.T. Miller              0  0  0   0  0   5  1  1  2  0  3/6    22:08   1:35   2:47 
Jacob Trouba             0  0  0  -1  2   0  1  3  0  0  0/0    26:24   1:51   1:57 
Jakub Voracek            0  1  1   0  2   3  2  0  2  0  1/2    20:22   1:35   1:02 
Jeff Carter              0  2  2   1  0   3  2  1  0  0  6/13   17:53   0:59   1:09 
Jeff Woywitka            0  0  0  -1  0   3  3  1  0  1  0/0    27:34   1:51   3:11 
Jonathan Ericsson        0  0  0  -1  0   0  3  0  0  0  0/0    12:55   0:00   0:01 
Jordan Nolan             0  0  0   0  0   2  1  1  1  1  9/27   22:03   1:35   2:46 
Marcus Kruger            0  1  1   0  0   2  0  0  0  0  1/1    12:18   0:00   0:00 
Matt Smaby               1  0  1   2  0   1  2  2  0  0  0/0    20:26   0:43   1:28 
Matthew Lombardi         0  0  0  -1  0   1  0  0  1  0  2/2     6:53   0:00   0:00 
Nathan Beaulieu          0  0  0   2  0   2  0  3  0  0  0/0    19:31   0:43   1:27 
Niclas Bergfors          1  1  2   0  0   3  2  0  1  2  0/1    16:54   0:59   0:00 
Travis Zajac             0  0  0   1  0   1  2  0  0  0  1/6    12:15   0:00   0:00 
Tyler Randell            0  0  0  -1  0   0  0  0  0  0  0/0     6:53   0:00   0:00 

Players Stats for Blues

Player Name              G  A  P  +/- PIM S  H  SB GA TA FO     MP     PP MP  PK MP  
------------------------------------------------------------------------------------
Alex Pietrangelo         0  1  1  -1  2   1  2  1  0  0  0/0    24:24   3:12   0:00 
Anthony Mantha           0  1  1   1  0   3  0  0  0  0  1/1    11:08   0:00   0:00 
Auston Matthews          0  0  0   0  0   0  2  0  0  0  6/11   16:16   0:00   0:00 
Brandon Montour          0  0  0   0  0   0  0  2  1  1  0/0    20:15   1:27   0:00 
Cody Ceci                0  0  0   0  0   1  0  2  1  1  0/0    23:57   3:12   1:55 
David Perron             0  0  0  -1  0   3  3  1  1  1  0/0    18:57   1:41   0:50 
Devin Shore              0  0  0   0  0   1  0  0  0  0  4/7    13:26   1:41   0:43 
Drew Shore               0  1  1   1  0   1  0  0  1  1  5/7    10:14   0:00   1:49 
Filip Forsberg           1  1  2  -1  0   4  4  0  0  1  2/4    20:06   2:58   0:05 
Ladislav Smid            1  0  1   1  0   2  1  0  0  1  0/0    13:25   0:00   0:39 
Martin Marincin          0  0  0   1  0   0  0  0  0  0  0/0    13:10   0:00   0:39 
Matt Martin              0  0  0   0  0   4  1  0  0  1  0/0    10:58   0:00   0:00 
Nicklas Backstrom        1  1  2  -1  0   4  0  0  0  0  18/28  20:03   2:58   0:02 
Patrick Kaleta           1  0  1   1  0   2  1  0  0  0  0/0     8:10   0:00   0:00 
Riley Sheahan            0  0  0  -1  0   1  2  0  1  0  0/0    17:52   1:41   0:00 
Ryan Murray              0  0  0  -1  0   2  1  1  0  1  0/0    24:48   1:27   1:55 
Samuel Morin             0  2  2   2  0   2  0  0  0  0  0/1     9:24   0:00   1:04 
Tyler Johnson            0  0  0  -1  2   1  1  0  0  0  0/0    20:50   2:58   0:35 

3 Stars

1 - Filip Forsberg (Stl)
2 - Matt Smaby (Phi)
3 - Niclas Bergfors (Phi)

Power Play

Flyers - 1 on 3 Attempt(s) - 33.33%
Blues - 2 on 3 Attempt(s) - 66.67%

Penalty Kill

Flyers - 1 on 3 Attempt(s) - 33.33% - Score 0 goal in Penalty Kill
Blues - 2 on 3 Attempt(s) - 66.67% - Score 0 goal in Penalty Kill

Team Stat

Flyers - Hits : 19 - Faceoff Wins : 23 - Blocked Shots : 14 - Penalty Minutes : 8
Blues - Hits : 18 - Faceoff Wins : 36 - Blocked Shots : 7 - Penalty Minutes : 4

Official

Referees : Mitch Dunning and Wes McCauley
Linesman : Ryan Gibbons and Andrew Smith

Game Notes

18:14 of 2nd period - Penalty Shot by Martin Marincin for Blues - Stopped by Steve Mason
18:31 of 2nd period - Flyers goal is going for a video replay. After video review, Goal.

Finance

Level 1 -- Attendance: 6000 (100.00%) -- Ticket Income $600,000
Level 2 -- Attendance: 4672 (93.44%) -- Ticket Income $280,320
Level 3 -- Attendance: 1931 (96.55%) -- Ticket Income $67,585
Level 4 -- Attendance: 4000 (100.00%) -- Ticket Income $100,000
Luxury Box -- Attendance: 1000 (100.00%) -- Ticket Income $200,000
Game was played at the Enterprise Center.
Total Attendance: 17603 (97.79%)
Total Ticket Income: $1,247,905
Other Income: $187,186
Total Income: $1,435,091

Flyers

5 vs 5 Forward 
   Center                   Left Wing                Right Wing               Time % Phy DF OF 
 1 Jordan Nolan             J.T. Miller              Jakub Voracek            40     1   2  2  
 2 Jeff Carter              Drew Miller              Niclas Bergfors          30     1   2  2  
 3 Travis Zajac             Chris Mcallister         Marcus Kruger            20     1   2  2  
 4 Matthew Lombardi         Brock Nelson             Tyler Randell            10     1   2  2  

5 vs 5 Defense 
   Defense                  Defense                                           Time % Phy DF OF 
 1 Jacob Trouba             Jeff Woywitka                                     40     1   2  2  
 2 Matt Smaby               Nathan Beaulieu                                   30     1   2  2  
 3 Jonathan Ericsson        Brian Lashoff                                     20     1   2  2  
 4 Jacob Trouba             Jeff Woywitka                                     10     1   2  2  

PowerPlay Forward 
   Center                   Left Wing                Right Wing               Time % Phy DF OF 
 1 Jordan Nolan             J.T. Miller              Jakub Voracek            60     1   2  2  
 2 Jeff Carter              Drew Miller              Niclas Bergfors          40     1   2  2  

PowerPlay Defense
   Defense                  Defense                                           Time % Phy DF OF 
 1 Jacob Trouba             Jeff Woywitka                                     60     1   2  2  
 2 Matt Smaby               Nathan Beaulieu                                   40     1   2  2  

Penalty Kill 4 Players Forward 
   Center                   Wing                     Time % Phy DF OF 
 1 J.T. Miller              Jordan Nolan             60     1   2  2  
 2 Jeff Carter              Jakub Voracek            40     1   2  2  

Penalty Kill 4 Players Defense
   Defense                  Defense                  Time % Phy DF OF 
 1 Jacob Trouba             Jeff Woywitka            60     1   2  2  
 2 Matt Smaby               Nathan Beaulieu          40     1   2  2  

Penalty Kill - 3 Players Forward 
   Forward                                           Time % Phy DF OF 
 1 J.T. Miller                                       60     1   2  2  
 2 Jordan Nolan                                      40     1   2  2  

Penalty Kill - 3 Players Defense
   Defense                  Defense                  Time % Phy DF OF 
 1 Jacob Trouba             Jeff Woywitka            60     1   2  2  
 2 Matt Smaby               Nathan Beaulieu          40     1   2  2  

4 vs 4 Forward 
   Center                   Wing                     Time % Phy DF OF 
 1 J.T. Miller              Jordan Nolan             60     1   2  2  
 2 Jeff Carter              Jakub Voracek            40     1   2  2  

4 vs 4 Defense
   Defense                  Defense                  Time % Phy DF OF 
 1 Jacob Trouba             Jeff Woywitka            60     1   2  2  
 2 Matt Smaby               Nathan Beaulieu          40     1   2  2  

Last Minutes Offensive
   Center                   Left Wing                Right Wing               Defense                  Defense                  
   Jordan Nolan             J.T. Miller              Jakub Voracek            Jacob Trouba             Jeff Woywitka            

Last Minutes Defensive
   Center                   Left Wing                Right Wing               Defense                  Defense                  
   Jordan Nolan             J.T. Miller              Jakub Voracek            Jacob Trouba             Jeff Woywitka            

Goaltenders
Starting : Steve Mason              
Backup : Ilya Sorokin             

Extra Forwards
Normal : Travis Zajac, Marcus Kruger, Chris Mcallister - PP : Travis Zajac, Marcus Kruger - PK : Chris Mcallister
Extra Defensemen
Normal : Jonathan Ericsson, Brian Lashoff, Matt Smaby - PP : Jonathan Ericsson - PK : Brian Lashoff, Matt Smaby
Penalty Shots
J.T. Miller, Jordan Nolan, Jeff Carter, Jakub Voracek, Drew Miller

Scratches
Dylan Olsen (Healthy), Tomas Kubalik (Healthy)

Blues

5 vs 5 Forward 
   Center                   Left Wing                Right Wing               Time % Phy DF OF 
 1 Nicklas Backstrom        Filip Forsberg           Tyler Johnson            40     1   2  2  
 2 Auston Matthews          David Perron             Riley Sheahan            30     1   2  2  
 3 Devin Shore              Matt Martin              Anthony Mantha           20     1   2  2  
 4 Drew Shore               Samuel Morin             Patrick Kaleta           10     1   2  2  

5 vs 5 Defense 
   Defense                  Defense                                           Time % Phy DF OF 
 1 Alex Pietrangelo         Ryan Murray                                       40     1   2  2  
 2 Brandon Montour          Cody Ceci                                         30     1   2  2  
 3 Martin Marincin          Ladislav Smid                                     20     1   2  2  
 4 Ryan Murray              Alex Pietrangelo                                  10     1   2  2  

PowerPlay Forward 
   Center                   Left Wing                Right Wing               Time % Phy DF OF 
 1 Nicklas Backstrom        Filip Forsberg           Tyler Johnson            60     1   2  2  
 2 Devin Shore              David Perron             Riley Sheahan            40     1   2  2  

PowerPlay Defense
   Defense                  Defense                                           Time % Phy DF OF 
 1 Alex Pietrangelo         Cody Ceci                                         60     1   2  2  
 2 Brandon Montour          Ryan Murray                                       40     1   2  2  

Penalty Kill 4 Players Forward 
   Center                   Wing                     Time % Phy DF OF 
 1 Drew Shore               Tyler Johnson            60     1   2  2  
 2 Riley Sheahan            Patrick Kaleta           40     1   2  2  

Penalty Kill 4 Players Defense
   Defense                  Defense                  Time % Phy DF OF 
 1 Cody Ceci                Ryan Murray              60     1   2  2  
 2 Ladislav Smid            Martin Marincin          40     1   2  2  

Penalty Kill - 3 Players Forward 
   Forward                                           Time % Phy DF OF 
 1 Riley Sheahan                                     60     1   2  2  
 2 Drew Shore                                        40     1   2  2  

Penalty Kill - 3 Players Defense
   Defense                  Defense                  Time % Phy DF OF 
 1 Cody Ceci                Ladislav Smid            60     1   2  2  
 2 Ryan Murray              Martin Marincin          40     1   2  2  

4 vs 4 Forward 
   Center                   Wing                     Time % Phy DF OF 
 1 Nicklas Backstrom        Filip Forsberg           60     1   2  2  
 2 Drew Shore               Tyler Johnson            40     1   2  2  

4 vs 4 Defense
   Defense                  Defense                  Time % Phy DF OF 
 1 Alex Pietrangelo         Cody Ceci                60     1   2  2  
 2 Brandon Montour          Ryan Murray              40     1   2  2  

Last Minutes Offensive
   Center                   Left Wing                Right Wing               Defense                  Defense                  
   Nicklas Backstrom        Filip Forsberg           Tyler Johnson            Alex Pietrangelo         Martin Marincin          

Last Minutes Defensive
   Center                   Left Wing                Right Wing               Defense                  Defense                  
   Drew Shore               David Perron             Tyler Johnson            Cody Ceci                Ladislav Smid            

Goaltenders
Starting : Joonas Korpisalo         
Backup : Carey Price              

Extra Forwards
Normal : Anthony Mantha, Auston Matthews, Samuel Morin - PP : Anthony Mantha, Devin Shore - PK : Samuel Morin
Extra Defensemen
Normal : Martin Marincin, Brandon Montour, Ladislav Smid - PP : Brandon Montour - PK : Alex Pietrangelo, Brandon Montour
Penalty Shots
David Perron, Auston Matthews, Devin Shore, Filip Forsberg, Tyler Johnson

Scratches
Jacob Slavin (Sprained Right Knee Injury), Linus Omark (Healthy), Peter Regin (Healthy)

% Time on Ice - Flyers

Lines # - Real PCT - Wanted PCT - Time Play
Normal Forward
1 - 34% - 40% - 17:49
2 - 30% - 30% - 15:45
3 - 23% - 20% - 12:05
4 - 13% - 10% - 6:53
Normal Defense
1 - 39% - 40% - 20:18
2 - 33% - 30% - 17:21
3 - 23% - 20% - 12:00
4 - 5% - 10% - 2:53
PP Forward
1 - 62% - 60% - 1:35
2 - 38% - 40% - 0:59
PP Defense
1 - 72% - 60% - 1:51
2 - 28% - 40% - 0:43
PK Forward
1 - 78% - 60% - 3:37
2 - 22% - 40% - 1:02
PK Defense
1 - 69% - 60% - 3:12
2 - 31% - 40% - 1:27
PK3 Forward
1 - 0% - 60%
2 - 0% - 40%
PK3 Defense
1 - 0% - 60%
2 - 0% - 40%
44 Forward
1 - 0% - 60%
2 - 0% - 40%
44 Defense
1 - 0% - 60%
2 - 0% - 40%
Last Minute Offensive  - 0:15
Last Minute Defensive  - 0:00
Total
Forward - 60:00
Defense - 60:00

% Time on Ice - Blues

Lines # - Real PCT - Wanted PCT - Time Play
Normal Forward
1 - 33% - 40% - 17:13
2 - 31% - 30% - 16:11
3 - 21% - 20% - 10:58
4 - 16% - 10% - 8:10
Normal Defense
1 - 38% - 40% - 19:53
2 - 34% - 30% - 17:51
3 - 24% - 20% - 12:24
4 - 5% - 10% - 2:24
PP Forward
1 - 64% - 60% - 2:58
2 - 36% - 40% - 1:41
PP Defense
1 - 69% - 60% - 3:12
2 - 31% - 40% - 1:27
PK Forward
1 - 100% - 60% - 2:34
2 - 0% - 40% - 0:00
PK Defense
1 - 75% - 60% - 1:55
2 - 25% - 40% - 0:39
PK3 Forward
1 - 0% - 60%
2 - 0% - 40%
PK3 Defense
1 - 0% - 60%
2 - 0% - 40%
44 Forward
1 - 0% - 60%
2 - 0% - 40%
44 Defense
1 - 0% - 60%
2 - 0% - 40%
Last Minute Offensive  - 0:00
Last Minute Defensive  - 0:15
Total
Forward - 60:00
Defense - 60:00

Play-by-Play

1st period


0:01 of 1st period - Jordan Nolan wins face-off versus Filip Forsberg in neutral zone.
0:16 of 1st period - Snap shot by Nicklas Backstrom.
0:16 of 1st period - Stopped by Steve Mason with a rebound.
0:30 of 1st period - Off-side.
0:31 of 1st period - Anthony Mantha wins face-off versus Jeff Carter in neutral zone.
0:44 of 1st period - Snap shot by Anthony Mantha.
0:44 of 1st period - Shot Misses the Net.
2:51 of 1st period - Snap shot by Drew Shore.
2:51 of 1st period - Stopped by Steve Mason with a rebound.
2:53 of 1st period - Wrist shot by Samuel Morin.
2:53 of 1st period - Shot Misses the Net.
2:55 of 1st period - Slapshot by Brandon Montour.
2:55 of 1st period - Shot Blocked by Jeff Woywitka.
2:59 of 1st period - Wrist shot by Patrick Kaleta.
2:59 of 1st period - Deflect By Drew Shore.
2:59 of 1st period - Shot Blocked by Jacob Trouba.
2:59 of 1st period - Puck is out of play.
3:00 of 1st period - J.T. Miller wins face-off versus Nicklas Backstrom in Flyers zone.
3:31 of 1st period - Wrist shot by Marcus Kruger.
3:31 of 1st period - Shot Misses the Net.
3:33 of 1st period - Snap shot by Marcus Kruger.
3:33 of 1st period - Stopped by Joonas Korpisalo with a rebound.
3:35 of 1st period - Snap shot by Marcus Kruger.
3:35 of 1st period - Shot Misses the Net.
3:37 of 1st period - Snap shot by Chris Mcallister.
3:37 of 1st period - Goal by Chris Mcallister - Flyers : 1 - Blues : 0.
3:38 of 1st period - Nicklas Backstrom wins face-off versus Jordan Nolan in neutral zone.
3:55 of 1st period - Wrist shot by Filip Forsberg.
3:55 of 1st period - Shot Misses the Net.
3:58 of 1st period - Icing by Brian Lashoff.
3:59 of 1st period - Auston Matthews wins face-off versus Jordan Nolan in Flyers zone.
4:12 of 1st period - Snap shot by Riley Sheahan.
4:12 of 1st period - Stopped by Steve Mason without a rebound.
4:13 of 1st period - Nicklas Backstrom wins face-off versus Travis Zajac in Flyers zone.
4:44 of 1st period - Wrist shot by Jordan Nolan.
4:44 of 1st period - Stopped by Joonas Korpisalo without a rebound.
4:45 of 1st period - Matthew Lombardi wins face-off versus Auston Matthews in Blues zone.
4:48 of 1st period - Snap shot by Brock Nelson.
4:48 of 1st period - Shot Misses the Net.
4:50 of 1st period - Snap shot by Nathan Beaulieu.
4:50 of 1st period - Stopped by Joonas Korpisalo with a rebound.
5:15 of 1st period - Snap shot by J.T. Miller.
5:15 of 1st period - Stopped by Joonas Korpisalo with a rebound.
6:01 of 1st period - Slapshot by Auston Matthews.
6:01 of 1st period - Shot Blocked by Jacob Trouba.
6:13 of 1st period - Anthony Mantha is hit by Jacob Trouba and loses puck.
6:52 of 1st period - Snap shot by David Perron.
6:52 of 1st period - Stopped by Steve Mason with a rebound.
7:39 of 1st period - Off-side.
7:40 of 1st period - Nicklas Backstrom wins face-off versus Jordan Nolan in neutral zone.
7:50 of 1st period - Icing by Jakub Voracek.
7:51 of 1st period - Jordan Nolan wins face-off versus Nicklas Backstrom in Flyers zone.
7:51 of 1st period - Jordan Nolan is hit by Tyler Johnson.
9:39 of 1st period - Slapshot by Jacob Trouba.
9:39 of 1st period - Shot Misses the Net.
9:41 of 1st period - Snap shot by Matthew Lombardi.
9:41 of 1st period - Shot Misses the Net.
9:43 of 1st period - Slapshot by Jeff Woywitka.
9:43 of 1st period - Stopped by Joonas Korpisalo without a rebound.
9:44 of 1st period - Travis Zajac wins face-off versus Samuel Morin in Blues zone.
9:47 of 1st period - Wrist shot by Chris Mcallister.
9:47 of 1st period - Stopped by Joonas Korpisalo without a rebound.
9:48 of 1st period - Nicklas Backstrom wins face-off versus Travis Zajac in Blues zone.
10:15 of 1st period - Wrist shot by Devin Shore.
10:15 of 1st period - Stopped by Steve Mason with a rebound.
10:17 of 1st period - Slapshot by Devin Shore.
10:17 of 1st period - Shot Misses the Net.
10:19 of 1st period - Snap shot by Matt Martin.
10:19 of 1st period - Shot Blocked by Nathan Beaulieu.
10:21 of 1st period - Wrist shot by Anthony Mantha.
10:21 of 1st period - Stopped by Steve Mason without a rebound.
10:22 of 1st period - Devin Shore wins face-off versus Jordan Nolan in Flyers zone.
10:25 of 1st period - Wrist shot by Matt Martin.
10:25 of 1st period - Stopped by Steve Mason with a rebound.
10:27 of 1st period - Snap shot by Ladislav Smid.
10:27 of 1st period - Deflect By Devin Shore.
10:27 of 1st period - Shot Misses the Net.
10:27 of 1st period - Puck is out of play.
10:28 of 1st period - Nicklas Backstrom wins face-off versus Jordan Nolan in Flyers zone.
10:51 of 1st period - Minor Penalty to Jacob Trouba for Hooking.
10:52 of 1st period - Nicklas Backstrom wins face-off versus J.T. Miller in Flyers zone.
12:51 of 1st period - Penalty to Jacob Trouba is over, Jacob Trouba is back on ice.
12:58 of 1st period - Icing by Jonathan Ericsson.
12:59 of 1st period - Marcus Kruger wins face-off versus Drew Shore in Flyers zone.
13:04 of 1st period - Ladislav Smid is hit by Jonathan Ericsson and loses puck.
13:25 of 1st period - Jeff Carter is hit by Matt Martin and loses puck.
14:18 of 1st period - Slapshot by Drew Miller.
14:18 of 1st period - Stopped by Joonas Korpisalo with a rebound.
14:31 of 1st period - Off-side.
14:32 of 1st period - Devin Shore wins face-off versus Travis Zajac in neutral zone.
14:43 of 1st period - Wrist shot by Marcus Kruger.
14:43 of 1st period - Shot Blocked by Cody Ceci.
15:12 of 1st period - Jakub Voracek is hit by Filip Forsberg and loses puck.
15:23 of 1st period - David Perron is hit by Jeff Carter.
15:35 of 1st period - Snap shot by Niclas Bergfors.
15:35 of 1st period - Shot Misses the Net.
16:20 of 1st period - Wrist shot by Filip Forsberg.
16:20 of 1st period - Stopped by Steve Mason without a rebound.
16:21 of 1st period - Auston Matthews wins face-off versus Jordan Nolan in Flyers zone.
16:24 of 1st period - Snap shot by David Perron.
16:24 of 1st period - Shot Blocked by Jordan Nolan.
17:16 of 1st period - Snap shot by Niclas Bergfors.
17:16 of 1st period - Shot Misses the Net.
17:18 of 1st period - Wrist shot by Drew Miller.
17:18 of 1st period - Stopped by Joonas Korpisalo without a rebound.
17:19 of 1st period - Nicklas Backstrom wins face-off versus Jeff Carter in Blues zone.
17:19 of 1st period - Nicklas Backstrom is hit by Niclas Bergfors.
17:35 of 1st period - Wrist shot by Nicklas Backstrom.
17:35 of 1st period - Shot Hit the Post.
17:50 of 1st period - Chris Mcallister is hit by Riley Sheahan and loses puck.
18:33 of 1st period - Slapshot by Jakub Voracek.
18:33 of 1st period - Stopped by Joonas Korpisalo without a rebound.
18:34 of 1st period - Filip Forsberg wins face-off versus Drew Miller in Blues zone.
18:39 of 1st period - Backhand shot by Filip Forsberg.
18:39 of 1st period - Deflect By Nicklas Backstrom.
18:39 of 1st period - Stopped by Steve Mason with a rebound.
18:51 of 1st period - Snap shot by Drew Miller.
18:51 of 1st period - Shot Blocked by Ryan Murray.
19:01 of 1st period - Jakub Voracek is hit by David Perron.
Goals for this period are 1 for Flyers vs 0 for Blues.
Shots for this period are 10 for Flyers vs 9 for Blues.

2nd period


0:01 of 2nd period - Nicklas Backstrom wins face-off versus Jordan Nolan in neutral zone.
0:33 of 2nd period - Devin Shore is hit by Jeff Woywitka.
0:39 of 2nd period - Slapshot by Drew Miller.
0:39 of 2nd period - Shot Misses the Net.
0:53 of 2nd period - Riley Sheahan is hit by Travis Zajac.
0:57 of 2nd period - Riley Sheahan is hit by Travis Zajac and loses puck.
1:05 of 2nd period - Off-side.
1:06 of 2nd period - Jordan Nolan wins face-off versus Nicklas Backstrom in neutral zone.
1:39 of 2nd period - Snap shot by Riley Sheahan.
1:39 of 2nd period - Shot Blocked by Nathan Beaulieu.
1:43 of 2nd period - Slapshot by David Perron.
1:43 of 2nd period - Shot Misses the Net.
1:45 of 2nd period - Snap shot by David Perron.
1:45 of 2nd period - Shot Misses the Net.
1:47 of 2nd period - Slapshot by Brandon Montour.
1:47 of 2nd period - Shot Misses the Net.
1:49 of 2nd period - Snap shot by Riley Sheahan.
1:49 of 2nd period - Shot Blocked by Jeff Carter.
1:59 of 2nd period - Jeff Carter is hit by Patrick Kaleta and loses puck.
2:04 of 2nd period - Backhand shot by Drew Shore.
2:04 of 2nd period - Deflect By Samuel Morin.
2:04 of 2nd period - Stopped by Steve Mason with a rebound.
2:10 of 2nd period - Snap shot by Drew Shore.
2:10 of 2nd period - Shot Misses the Net.
2:26 of 2nd period - Snap shot by Travis Zajac.
2:26 of 2nd period - Stopped by Joonas Korpisalo without a rebound.
2:27 of 2nd period - Nicklas Backstrom wins face-off versus Travis Zajac in Blues zone.
2:49 of 2nd period - Wrist shot by Travis Zajac.
2:49 of 2nd period - Shot Hit the Post.
3:47 of 2nd period - Minor Penalty to Tyler Johnson for Holding.
3:48 of 2nd period - Drew Shore wins face-off versus Jordan Nolan in Blues zone.
3:53 of 2nd period - Jacob Trouba is hit by Ryan Murray.
3:56 of 2nd period - Icing by Jeff Woywitka.
3:57 of 2nd period - Drew Shore wins face-off versus Jakub Voracek in Flyers zone.
4:14 of 2nd period - Snap shot by J.T. Miller.
4:14 of 2nd period - Shot Misses the Net.
4:16 of 2nd period - Snap shot by Jeff Woywitka.
4:16 of 2nd period - Stopped by Joonas Korpisalo without a rebound.
4:17 of 2nd period - Drew Shore wins face-off versus Jeff Carter in Blues zone.
5:16 of 2nd period - Drew Shore is hit by Jordan Nolan and loses puck.
5:47 of 2nd period - Penalty to Tyler Johnson is over, Tyler Johnson is back on ice.
6:41 of 2nd period - Slapshot by Alex Pietrangelo.
6:41 of 2nd period - Stopped by Steve Mason without a rebound.
6:42 of 2nd period - Jeff Carter wins face-off versus Devin Shore in Flyers zone.
6:50 of 2nd period - Minor Penalty to Drew Miller for Slashing.
6:51 of 2nd period - J.T. Miller wins face-off versus Nicklas Backstrom in Flyers zone.
6:51 of 2nd period - J.T. Miller is hit by Filip Forsberg.
6:56 of 2nd period - Wrist shot by Jordan Nolan.
6:56 of 2nd period - Deflect By Nicklas Backstrom.
6:56 of 2nd period - Shot Misses the Net.
6:56 of 2nd period - Puck is out of play.
6:57 of 2nd period - J.T. Miller wins face-off versus Filip Forsberg in Blues zone.
7:10 of 2nd period - Snap shot by J.T. Miller.
7:10 of 2nd period - Deflect By Jordan Nolan.
7:10 of 2nd period - Stopped by Joonas Korpisalo with a rebound.
7:54 of 2nd period - Ryan Murray is hit by Jakub Voracek and loses puck.
8:50 of 2nd period - Penalty to Drew Miller is over, Drew Miller is back on ice.
9:13 of 2nd period - Wrist shot by Anthony Mantha.
9:13 of 2nd period - Stopped by Steve Mason with a rebound.
9:43 of 2nd period - Niclas Bergfors is hit by Ladislav Smid and loses puck.
10:42 of 2nd period - Matthew Lombardi is hit by Riley Sheahan and loses puck.
11:35 of 2nd period - Jeff Woywitka is hit by Filip Forsberg and loses puck.
12:42 of 2nd period - Backhand shot by J.T. Miller.
12:42 of 2nd period - Stopped by Joonas Korpisalo without a rebound.
12:43 of 2nd period - Jordan Nolan wins face-off versus Auston Matthews in Blues zone.
12:56 of 2nd period - David Perron is hit by Jonathan Ericsson and loses puck.
13:35 of 2nd period - Snap shot by Brock Nelson.
13:35 of 2nd period - Stopped by Joonas Korpisalo with a rebound.
14:24 of 2nd period - Wrist shot by Chris Mcallister.
14:24 of 2nd period - Stopped by Joonas Korpisalo with a rebound.
15:17 of 2nd period - Slapshot by Nathan Beaulieu.
15:17 of 2nd period - Stopped by Joonas Korpisalo with a rebound.
17:26 of 2nd period - Matt Smaby is hit by Alex Pietrangelo and loses puck.
17:31 of 2nd period - Backhand shot by Nicklas Backstrom.
17:31 of 2nd period - Stopped by Steve Mason without a rebound.
17:32 of 2nd period - Nicklas Backstrom wins face-off versus Jeff Carter in Flyers zone.
17:33 of 2nd period - Wrist shot by Filip Forsberg.
17:33 of 2nd period - Stopped by Steve Mason with a rebound.
18:03 of 2nd period - Riley Sheahan is hit by Jeff Woywitka and loses puck.
18:14 of 2nd period - Penalty Shot by Martin Marincin for Blues.
18:14 of 2nd period - Snap shot by Martin Marincin.
18:14 of 2nd period - Stopped by Steve Mason.
18:15 of 2nd period - Nicklas Backstrom wins face-off versus Jeff Carter in Blues zone.
18:20 of 2nd period - Cody Ceci is hit by Matt Smaby and loses puck.
18:29 of 2nd period - Snap shot by Jeff Carter.
18:29 of 2nd period - Stopped by Joonas Korpisalo with a rebound.
18:31 of 2nd period - Slapshot by Niclas Bergfors.
18:31 of 2nd period - Flyers goal is going for a video replay.
18:31 of 2nd period - The goal is good.
18:31 of 2nd period - Goal by Niclas Bergfors - Flyers : 2 - Blues : 0.
18:32 of 2nd period - Jordan Nolan wins face-off versus Nicklas Backstrom in neutral zone.
18:35 of 2nd period - Filip Forsberg is hit by Jakub Voracek and loses puck.
18:55 of 2nd period - Icing by J.T. Miller.
18:56 of 2nd period - Jeff Carter wins face-off versus Auston Matthews in Flyers zone.
19:52 of 2nd period - Snap shot by Anthony Mantha.
19:52 of 2nd period - Stopped by Steve Mason without a rebound.
19:53 of 2nd period - Jakub Voracek wins face-off versus Nicklas Backstrom in Flyers zone.
Goals for this period are 1 for Flyers vs 0 for Blues.
Shots for this period are 9 for Flyers vs 6 for Blues.

3rd period


0:01 of 3rd period - Nicklas Backstrom wins face-off versus Jordan Nolan in neutral zone.
0:16 of 3rd period - Wrist shot by Filip Forsberg.
0:16 of 3rd period - Stopped by Steve Mason without a rebound.
0:17 of 3rd period - Jeff Carter wins face-off versus Auston Matthews in Flyers zone.
0:34 of 3rd period - Jeff Carter is hit by Auston Matthews and loses puck.
1:27 of 3rd period - Wrist shot by Chris Mcallister.
1:27 of 3rd period - Shot Misses the Net.
1:45 of 3rd period - Snap shot by David Perron.
1:45 of 3rd period - Stopped by Steve Mason without a rebound.
1:46 of 3rd period - Auston Matthews wins face-off versus Jordan Nolan in Flyers zone.
1:47 of 3rd period - Slapshot by Alex Pietrangelo.
1:47 of 3rd period - Shot Blocked by Nathan Beaulieu.
1:57 of 3rd period - Slapshot by Jakub Voracek.
1:57 of 3rd period - Stopped by Joonas Korpisalo without a rebound.
1:58 of 3rd period - Jordan Nolan wins face-off versus Nicklas Backstrom in Blues zone.
1:59 of 3rd period - Snap shot by J.T. Miller.
1:59 of 3rd period - Stopped by Joonas Korpisalo with a rebound.
2:01 of 3rd period - Minor Penalty to Alex Pietrangelo for Roughing.
2:02 of 3rd period - Drew Shore wins face-off versus Jordan Nolan in Blues zone.
2:29 of 3rd period - Ryan Murray is hit by Niclas Bergfors and loses puck.
2:34 of 3rd period - Wrist shot by Jeff Carter.
2:34 of 3rd period - Shot Blocked by Cody Ceci.
2:36 of 3rd period - Slapshot by Matt Smaby.
2:36 of 3rd period - Goal by Matt Smaby - Flyers : 3 - Blues : 0.
2:37 of 3rd period - Jordan Nolan wins face-off versus Nicklas Backstrom in neutral zone.
2:40 of 3rd period - Ryan Murray is hit by J.T. Miller and loses puck.
2:51 of 3rd period - Snap shot by J.T. Miller.
2:51 of 3rd period - Stopped by Joonas Korpisalo with a rebound.
2:53 of 3rd period - Snap shot by J.T. Miller.
2:53 of 3rd period - Shot Misses the Net.
3:29 of 3rd period - Wrist shot by Chris Mcallister.
3:29 of 3rd period - Shot Blocked by Brandon Montour.
3:40 of 3rd period - Brandon Montour is hit by Jeff Woywitka and loses puck.
3:53 of 3rd period - Slapshot by Jeff Woywitka.
3:53 of 3rd period - Stopped by Joonas Korpisalo with a rebound.
4:03 of 3rd period - Slapshot by Jordan Nolan.
4:03 of 3rd period - Deflect By Jakub Voracek.
4:03 of 3rd period - Shot Misses the Net.
4:03 of 3rd period - Puck is out of play.
4:04 of 3rd period - Jeff Carter wins face-off versus Auston Matthews in Blues zone.
4:51 of 3rd period - Snap shot by David Perron.
4:51 of 3rd period - Shot Blocked by Matt Smaby.
5:47 of 3rd period - Snap shot by Riley Sheahan.
5:47 of 3rd period - Shot Blocked by Chris Mcallister.
6:15 of 3rd period - Wrist shot by David Perron.
6:15 of 3rd period - Shot Misses the Net.
6:17 of 3rd period - Slapshot by Ladislav Smid.
6:17 of 3rd period - Deflect By Jonathan Ericsson.
6:17 of 3rd period - Stopped by Steve Mason without a rebound.
6:18 of 3rd period - Jordan Nolan wins face-off versus Nicklas Backstrom in Flyers zone.
7:37 of 3rd period - Minor Penalty to Chris Mcallister for Hooking.
7:38 of 3rd period - Nicklas Backstrom wins face-off versus J.T. Miller in Flyers zone.
7:47 of 3rd period - Wrist shot by Nicklas Backstrom.
7:47 of 3rd period - Shot Blocked by Jacob Trouba.
7:58 of 3rd period - Jacob Trouba is hit by Filip Forsberg and loses puck.
8:13 of 3rd period - Slapshot by Filip Forsberg.
8:13 of 3rd period - Goal by Filip Forsberg - Flyers : 3 - Blues : 1.
8:14 of 3rd period - Jeff Carter wins face-off versus Devin Shore in neutral zone.
8:19 of 3rd period - Wrist shot by Jeff Carter.
8:19 of 3rd period - Stopped by Joonas Korpisalo without a rebound.
8:20 of 3rd period - Jeff Carter wins face-off versus Devin Shore in Blues zone.
8:23 of 3rd period - Wrist shot by Drew Miller.
8:23 of 3rd period - Stopped by Joonas Korpisalo with a rebound.
8:30 of 3rd period - Slapshot by Matt Martin.
8:30 of 3rd period - Stopped by Steve Mason without a rebound.
8:31 of 3rd period - Nicklas Backstrom wins face-off versus Jordan Nolan in Flyers zone.
8:58 of 3rd period - Jeff Woywitka is hit by David Perron and loses puck.
9:03 of 3rd period - Slapshot by David Perron.
9:03 of 3rd period - Stopped by Steve Mason without a rebound.
9:04 of 3rd period - Auston Matthews wins face-off versus Niclas Bergfors in Flyers zone.
9:40 of 3rd period - Wrist shot by J.T. Miller.
9:40 of 3rd period - Shot Misses the Net.
9:55 of 3rd period - Minor Penalty to Jakub Voracek for Interference.
9:56 of 3rd period - Filip Forsberg wins face-off versus J.T. Miller in Flyers zone.
10:00 of 3rd period - Snap shot by Nicklas Backstrom.
10:00 of 3rd period - Goal by Nicklas Backstrom - Flyers : 3 - Blues : 2.
10:01 of 3rd period - Nicklas Backstrom wins face-off versus Jordan Nolan in neutral zone.
10:30 of 3rd period - Snap shot by Jeff Carter.
10:30 of 3rd period - Stopped by Joonas Korpisalo without a rebound.
10:31 of 3rd period - Auston Matthews wins face-off versus Jeff Carter in Blues zone.
11:14 of 3rd period - Snap shot by Niclas Bergfors.
11:14 of 3rd period - Stopped by Joonas Korpisalo without a rebound.
11:15 of 3rd period - Nicklas Backstrom wins face-off versus Jordan Nolan in Blues zone.
11:26 of 3rd period - Slapshot by Jordan Nolan.
11:26 of 3rd period - Deflect By Jakub Voracek.
11:26 of 3rd period - Shot Misses the Net.
11:26 of 3rd period - Puck is out of play.
11:27 of 3rd period - Nicklas Backstrom wins face-off versus Jordan Nolan in Blues zone.
12:19 of 3rd period - Jacob Trouba is hit by Auston Matthews and loses puck.
12:38 of 3rd period - Wrist shot by Patrick Kaleta.
12:38 of 3rd period - Stopped by Steve Mason with a rebound.
12:40 of 3rd period - Snap shot by Samuel Morin.
12:40 of 3rd period - Stopped by Steve Mason with a rebound.
12:42 of 3rd period - Slapshot by Cody Ceci.
12:42 of 3rd period - Deflect By Patrick Kaleta.
12:42 of 3rd period - Shot Blocked by Matt Smaby.
12:42 of 3rd period - Puck is out of play.
12:43 of 3rd period - Jordan Nolan wins face-off versus Nicklas Backstrom in Flyers zone.
13:10 of 3rd period - Ladislav Smid is hit by Matt Smaby and loses puck.
13:53 of 3rd period - Slapshot by Matthew Lombardi.
13:53 of 3rd period - Stopped by Joonas Korpisalo without a rebound.
13:54 of 3rd period - Matthew Lombardi wins face-off versus Drew Shore in Blues zone.
13:57 of 3rd period - Snap shot by Brock Nelson.
13:57 of 3rd period - Shot Misses the Net.
14:07 of 3rd period - Snap shot by Patrick Kaleta.
14:07 of 3rd period - Goal by Patrick Kaleta - Flyers : 3 - Blues : 3.
14:08 of 3rd period - Nicklas Backstrom wins face-off versus Jordan Nolan in neutral zone.
14:11 of 3rd period - Slapshot by Ryan Murray.
14:11 of 3rd period - Stopped by Steve Mason with a rebound.
14:13 of 3rd period - Slapshot by Alex Pietrangelo.
14:13 of 3rd period - Shot Misses the Net.
14:59 of 3rd period - Slapshot by Ryan Murray.
14:59 of 3rd period - Stopped by Steve Mason without a rebound.
15:00 of 3rd period - Devin Shore wins face-off versus Travis Zajac in Flyers zone.
15:03 of 3rd period - Slapshot by Matt Martin.
15:03 of 3rd period - Deflect By Marcus Kruger.
15:03 of 3rd period - Stopped by Steve Mason with a rebound.
15:05 of 3rd period - Slapshot by Cody Ceci.
15:05 of 3rd period - Stopped by Steve Mason with a rebound.
15:07 of 3rd period - Snap shot by Anthony Mantha.
15:07 of 3rd period - Shot Misses the Net.
15:09 of 3rd period - Slapshot by Cody Ceci.
15:09 of 3rd period - Shot Blocked by Chris Mcallister.
15:42 of 3rd period - Off-side.
15:43 of 3rd period - Auston Matthews wins face-off versus Jeff Carter in neutral zone.
16:21 of 3rd period - Wrist shot by J.T. Miller.
16:21 of 3rd period - Shot Misses the Net.
16:55 of 3rd period - Riley Sheahan is hit by Jonathan Ericsson and loses puck.
17:12 of 3rd period - Slapshot by Jonathan Ericsson.
17:12 of 3rd period - Deflect By J.T. Miller.
17:12 of 3rd period - Stopped by Joonas Korpisalo with a rebound.
17:20 of 3rd period - Snap shot by Jakub Voracek.
17:20 of 3rd period - Stopped by Joonas Korpisalo with a rebound.
17:50 of 3rd period - Snap shot by Matt Martin.
17:50 of 3rd period - Stopped by Steve Mason without a rebound.
17:51 of 3rd period - Devin Shore wins face-off versus Jordan Nolan in Flyers zone.
17:54 of 3rd period - Snap shot by Devin Shore.
17:54 of 3rd period - Shot Blocked by J.T. Miller.
18:02 of 3rd period - Snap shot by J.T. Miller.
18:02 of 3rd period - Shot Misses the Net.
18:04 of 3rd period - Slapshot by Jeff Woywitka.
18:04 of 3rd period - Shot Blocked by Brandon Montour.
18:18 of 3rd period - Nicklas Backstrom is hit by Jeff Carter and loses puck.
18:25 of 3rd period - Slapshot by Niclas Bergfors.
18:25 of 3rd period - Stopped by Joonas Korpisalo with a rebound.
18:38 of 3rd period - Jacob Trouba is hit by David Perron and loses puck.
18:43 of 3rd period - Wrist shot by Travis Zajac.
18:43 of 3rd period - Shot Blocked by David Perron.
18:45 of 3rd period - Slapshot by Marcus Kruger.
18:45 of 3rd period - Stopped by Joonas Korpisalo with a rebound.
18:47 of 3rd period - Backhand shot by Travis Zajac.
18:47 of 3rd period - Shot Blocked by Alex Pietrangelo.
19:01 of 3rd period - J.T. Miller is hit by Alex Pietrangelo and loses puck.
19:44 of 3rd period - Slapshot by Ladislav Smid.
19:44 of 3rd period - Goal by Ladislav Smid - Flyers : 3 - Blues : 4.
19:45 of 3rd period - Drew Shore wins face-off versus Jordan Nolan in neutral zone.
19:56 of 3rd period - Snap shot by Tyler Johnson.
19:56 of 3rd period - Stopped by Steve Mason with a rebound.
Goals for this period are 1 for Flyers vs 4 for Blues.
Shots for this period are 14 for Flyers vs 17 for Blues.